 Dungeon Crawl Stone Soup version 0.15-a0-734-g2b8d6ef (webtiles) character file.

25 Bloax the Insei (level 3, -9/17 HPs)
             Began as a Vine Stalker Transmuter on May 10, 2014.
             Killed by divine providence
             ... invoked by an orc priest
              (12 damage)
             ... on Level 3 of the Dungeon.
             The game lasted 00:03:37 (536 turns).

Bloax the Insei (Vine Stalker Transmuter)            Turns: 536, Time: 00:03:38

HP  -9/17        AC  2     Str 12      XL: 3   Next:  6%
MP   0/7         EV 12     Int 13      God:
Gold 54          SH  0     Dex 15      Spells:  1 memorised,  6 levels left

rFire  . . .     SeeInvis .       - Unarmed
rCold  . . .     Clarity  .     c - +0 robe
rNeg   . . .     Conserve .     (no shield)
rPois  .         rCorr    .     (no helmet)
rElec  .         rRot     +     (no cloak)
SustAb . .       Spirit   +     (no gloves)
rMut   .         Warding  .     (no boots)
Gourm  .         Stasis   .     (no amulet)
MR     .....                    (no ring)
                                e - ring of flight

@: not resistant to hostile enchantments, very unstealthy
A: fangs 2, regeneration 1, magic shield, antimagic bite, no device heal 2
a: Evoke Flight


You were on level 3 of the Dungeon.
You were not hungry.

You visited 1 branch of the dungeon, and saw 3 of its levels.

You collected 54 gold pieces.


Innate Abilities, Weirdness & Mutations

You are immune to rotting.
You have extremely sharp teeth.
Your natural rate of healing is unusually fast.
When hurt, damage is shared between your health and your magic reserves.
Your bite disrupts and absorbs the magic of your enemies.
Potions and wands cannot restore your health.


   Skills:
 - Level 0.8 Fighting
 - Level 1.5 Dodging
 + Level 3.7 Unarmed Combat
 + Level 2.7 Spellcasting
 - Level 2.0 Transmutations


You had 6 spell levels left.
You knew the following spells:

 Your Spells              Type           Power        Failure   Level  Hunger
a - Beastly Appendage     Trmt           #.....       12%         1    #......


Dungeon Overview and Level Annotations

Branches:
Dungeon (3/15)

Altars:

Inventory:

Missiles
 b - 12 arrows
 l - 3 poisoned darts (quivered)
Armour
 c - a +0 robe (worn)
Comestibles
 a - 2 bread rations
 m - a choko
Scrolls
 i - 2 scrolls of identify {unknown}
 j - a scroll of enchant armour {unknown}
 n - a scroll of teleportation {unknown}
Jewellery
 e - a ring of flight (left hand)
   (You found it on level 1 of the Dungeon)
 g - an uncursed amulet of stasis
   (You found it on level 1 of the Dungeon)
Potions
 f - a potion of agility {unknown}
 h - 2 potions of magic {unknown}
 k - a potion of brilliance {unknown}
Books
 d - a book of Changes

   Spells                             Type                      Level
   *Beastly Appendage                 Transmutation                1
   Sticks to Snakes                   Transmutation                2
   Spider Form                        Transmutation/Poison         3
   Ice Form                           Ice/Transmutation            4
   Blade Hands                        Transmutation                5

####+####
###.......>#
##.'........#
#.@#........#
##o##........#
#..##........#
#o###........#
#.# #........#
....o..'.#
#........#
(....o###
#........#
##+###
########'###
#....)%..#


You could see an orc priest and 2 orcs.


Message History

Okay, then.
l - a poisoned dart You see here a poisoned dart.
l - 2 poisoned darts (gained 1)
Things that are here:
a rat corpse; a club You closely miss the orc.
You bite the orc. You drain its power.
You feel invigorated.
The orc is moderately wounded.
The orc barely misses you.
You completely miss the orc. You bite the orc. You drain its power.
You kill the orc!
Things that are here:
a short sword; an orc corpse
Things that are here:
a rat corpse; a club Throwing (i - inventory):
l - 2 poisoned darts (quivered)
Aim: a worm (severely wounded)
You throw a poisoned dart. The poisoned dart hits the worm.
The worm is poisoned.
The worm is severely wounded.
Unknown command.
Throwing (i - inventory):
l - a poisoned dart (quivered)
Aim: a worm (severely wounded, poisoned)
You throw a poisoned dart. The poisoned dart hits the worm.
The worm looks even sicker.
The worm is severely wounded.
Unknown command.
You hit the worm.
The worm is almost dead.
You kill the worm!
You have reached level 3!
Your experience leads to an increase in your attributes!
Increase (S)trength, (I)ntelligence, or (D)exterity?
You feel agile.
Things that are here:
a rat corpse; a club
l - 2 poisoned darts
Things that are here:
a short sword; an orc corpse
There is an open door here.
l - 3 poisoned darts (gained 1)
There is a stone staircase leading down here.
There is an open door here.
Things that are here:
a short sword; an orc corpse
Things that are here:
a rat corpse; a club
There is an open door here.
n - a scroll labeled WUIRAESEQYO You open the door.
There is an open door here.
As you open the door, it creaks loudly! 2 orcs and an orc priest come into view.
The orc shouts! x2
The orc priest shouts!
The orc moves out of view.
Found 28 bolts.
You hit the orc but do no damage. You bite the orc. You drain its power.
The orc is heavily wounded.
The orc priest calls down the wrath of Beogh upon you.
Something smites you! The orc hits you.
Unknown command.
The orc priest invokes the aid of Beogh against you.
Something smites you!
* * * LOW HITPOINT WARNING * * *
The orc priest mumbles some strange prayers to Beogh against you.
Something smites you!
Ouch! That really hurt!
You die...

Action                   || total
-------------------------++-------
Melee: Unarmed           ||    55
Throw: Dart              ||     8

Vault maps used:
D:1:      grunt_arrival_crossed_arrows, due_unseen_surprise
D:2:      kennysheep_nondescript
D:3:      gammafunk_temple_overflow_pools

Notes
Turn   | Place    | Note
--------------------------------------------------------------
     0 | D:1      | Bloax, the Vine Stalker Transmuter, began the quest for the Orb.
     0 | D:1      | Reached XP level 1. HP: 9/9 MP: 3/3
   233 | D:2      | HP: 2/9 [giant gecko (5)]
   309 | D:2      | Reached XP level 2. HP: 10/14 MP: 6/6
   451 | D:3      | HP: 3/14 [worm (7)]
   490 | D:3      | Reached XP level 3. HP: 14/17 MP: 7/7
   535 | D:3      | HP: 2/17 [orc priest/divine providence (7)]
   536 | D:3      | Killed from afar by an orc priest

Vanquished Creatures
  A worm (D:3)
  A giant gecko (D:2)
  An ooze (D:2)
  An orc (D:3)
  3 hobgoblins
  A bat (D:1)
  A giant newt (D:2)
  2 goblins
  3 kobolds (D:2)
  4 rats
18 creatures vanquished.
